 Dungeon Crawl Stone Soup version 0.27-a0-1299-g1ab19c6527 (webtiles) character file.

Game seed: 8083821282863964346

207 razgard the Chopper (level 5, -1/47 HPs)
             Began as a Hill Orc Monk on June 16, 2021.
             Was a Follower of Qazlal.
             Slain by Grinder (2 damage)
             ... on level 3 of the Dungeon.
             The game lasted 00:05:09 (4254 turns).

razgard the Chopper (Hill Orc Monk)                 Turns: 4254, Time: 00:05:10

Health: -1/47      AC:  2    Str: 15    XL:     5   Next: 85%
Magic:  6/6        EV: 12    Int: 10    God:    Qazlal [*.....]
Gold:   110        SH:  2    Dex: 13    Spells: 4/4 levels left

rFire    + . .     SeeInvis .   a - +0 hand axe
rCold    . . .     Faith    .   (no shield)
rNeg     . . .     Spirit   .   b - +0 robe
rPois    .         Reflect  .   (no helmet)
rElec    .         Harm     .   (no cloak)
rCorr    .         Rampage  .   (no gloves)
Will     .....                  (no boots)
Stlth    ++........             (no amulet)
HPRegen  0.15/turn              e - ring of protection from fire
MPRegen  0.10/turn              (no ring)

@: mighty
A: no striking features
a: Renounce Religion


You were on level 3 of the Dungeon.
You worshipped Qazlal.
Qazlal was aware of your devotion.
You visited 1 branch of the dungeon, and saw 3 of its levels.

You collected 110 gold pieces.

Inventory:

Hand Weapons
 a - a +0 hand axe (weapon)
Armour
 b - a +0 robe (worn)
Jewellery
 e - a ring of protection from fire (left hand)
Scrolls
 g - a scroll of identify
 j - a scroll of brand weapon {unknown}
 p - a scroll of noise {unknown}
Potions
 c - a potion of might
 d - 2 potions of heal wounds {unknown}
 f - a potion of mutation {unknown}
 h - a potion of magic {unknown}
 i - a potion of lignification {unknown}
 k - 2 potions of brilliance {unknown}
 l - 3 potions of curing {unknown}
 m - a potion of attraction {unknown}
 n - a potion of berserk rage {unknown}
 o - a potion of flight {unknown}


   Skills:
 + Level 4.9 Fighting
 + Level 5.9 Axes
 - Level 2.9 Dodging
 - Level 2.3 Stealth
 + Level 2.4 Invocations


You had 4 spell levels left.
You didn't know any spells.
Your spell library was empty.

Dungeon Overview and Level Annotations

Branches:
Dungeon (3/15)

Altars:
Qazlal

Shops:
D:3 *

Annotations:
D:3 Grinder, Terence


Message History

You closely miss Grinder. Grinder barely misses you.
You hit Grinder but do no damage.
Grinder blinks!
Okay, then.
Grinder blinks!
Okay, then.
As you read the scroll labelled HURRAONAMY, it crumbles to dust.
It is a scroll of identify.
c - 2 potions of might Grinder gestures at you.
You suddenly lose the ability to move!
Grinder hits you!
You writhe in agony.
Grinder hits you! Grinder hits you but does no damage.
You can move again.
You feel very mighty all of a sudden.
Grinder blinks!
You barely miss Grinder.
Grinder blinks!
Grinder blinks!
Grinder hits you.
You writhe in agony.
You slash Grinder!
Grinder is lightly wounded.
Grinder barely misses you.
You hit Grinder.
Grinder is moderately wounded.
Grinder hits you!
* * * LOW HITPOINT WARNING * * *
You slash Grinder!
Grinder is heavily wounded.
Grinder hits you.
* * * LOW HITPOINT WARNING * * *
You closely miss Grinder.
Grinder is heavily wounded.
Grinder hits you but does no damage.
You hit Grinder.
Grinder is severely wounded.
Grinder blinks!
Grinder hits you!
* * * LOW HITPOINT WARNING * * *
You writhe in agony.
You die...

..'..#..# #.(# ###
..####### #..###.# .##.#
#.#...## ....# ####
#.##.## ###.# ..#
###.#...## ..5.# ###.#
#......... ##### ##...##
##.#.#...## .#
###.....########..........
.###
#.......5@..§...)......###
...#
###.#.....##.######.#.####
.#.###........###.#
##..#.######
§#..##...♣....# #.#
#.#†....<..r
###.##..♣.♣...# #.#
##..#####.#. #.##.♣._.♣..#
#.# #..# #.#.
#.....♣.♣...# #.## ##..#
#.#. ####...♣....#
#..###...# #... #
#........#
##.##.#..#####.##


You could see Grinder.

Vanquished Creatures
  An ogre (D:3)
  4 adders (D:3)
  A worm (D:2)
  A dart slug (D:2)
  5 endoplasms
  A giant cockroach (D:2)
  9 hobgoblins
  16 jackals
  A quokka (D:1)
  14 ball pythons
  6 bats
  3 frilled lizards (D:1)
  7 goblins
  4 kobolds
  5 rats
78 creatures vanquished.

Notes
Turn   | Place    | Note
-------+----------+-------------------------------------------
     0 | D:1      | razgard the Hill Orc Monk began the quest for the Orb.
     0 | D:1      | Reached XP level 1. HP: 19/19 MP: 1/1
   118 | D:1      | Reached XP level 2. HP: 25/27 MP: 2/2
   564 | D:1      | Reached XP level 3. HP: 23/33 MP: 3/3
  1512 | D:2      | Reached skill level 5 in Axes
  1774 | D:2      | Reached XP level 4. HP: 35/40 MP: 4/4
  2220 | D:3      | Noticed an ogre
  2550 | D:3      | Found a faded altar of an unknown god.
  2633 | D:3      | Found a stormy altar of Qazlal.
  2658 | D:3      | Became a worshipper of Qazlal Stormbringer
  2658 | D:3      | Reached * piety under Qazlal
  2658 | D:3      | Reached ** piety under Qazlal
  3277 | D:3      | Reached skill level 1 in Invocations
  3409 | D:3      | Reached XP level 5. HP: 47/47 MP: 5/5
  3478 | D:3      | Noticed Terence
  3485 | D:3      | Noticed Grinder
  3930 | D:3      | Found Dihoizehi's Assorted Antiques.
  4009 | D:3      | Killed an ogre
  4234 | D:3      | Paralysed by Grinder for 4 turns
  4254 | D:3      | HP: 1/47 [Grinder (8)]
  4254 | D:3      | Slain by Grinder

Illustrated notes

Levels and vault maps discovered:
D:1:      ncdulo_watergridlock, layout_loops_ring
D:2:      layout_rooms, eino_curves_01
D:3:      layout_loops_ring, grunt_qazlal_clouds,
          chequers_ecumenical_altar_simple_redux, serial_shops,
          nicolae_square_shop, minmay_snake_closets, uniq_terence, uniq_grinder

Skill      XL: |  1  2  3  4  5 |
---------------+----------------+-----
Fighting       | 4 |  4.9
Stealth        | 2 |  2.3
Axes           | 5 |  5.9
Invocations    | 1 2 |  2.4
Dodging        | |  2.9

Action                   |  1- 3 |  4- 6 || total
-------------------------+-------+-------++-------
Melee: Hand axe          |   159 |   123 ||   282
Invok: Upheaval          |       |     2 ||     2
  Use: Scroll            |       |     1 ||     1
       Potion            |       |     1 ||     1
 Stab: Sleeping          |     4 |     3 ||     7
Armor: Robe              |    37 |    16 ||    53
Dodge: Dodged            |   121 |    79 ||   200
Block: Other             |       |     8 ||     8

Table legend: (Time is in decaauts)
 A = Elapsed time spent in this place.
 B = Non-inter-level travel time spent in this place.
 C = Inter-level travel time spent in this place.
 D = Time resting spent in this place.
 E = Time spent auto-exploring this place.
 F = Levels seen in this place.
 G = Mean time per level.
                   A        B        C        D        E       F      G
               +--------+--------+--------+--------+--------+-----+--------+
         Total |   4270 |   4188 |     82 |   1030 |   2478 |   3 | 1423.3 |
       Dungeon |   4270 |   4188 |     82 |   1030 |   2478 |   3 | 1423.3 |
               +--------+--------+--------+--------+--------+-----+--------+

Top non-repeatable levels by time:
     D:3: 1624 daAuts
     D:2: 1397 daAuts
     D:1: 1248 daAuts
